 Dungeon Crawl Stone Soup version 0.26-a0-1126-g3318b609a0 (webtiles) character file.

Game seed: 10459971891433376577

195 vvl the Ruffian (level 5, 0/48 HPs)
             Began as a Troll Earth Elementalist on Dec 17, 2020.
             Slain by an orc
             ... wielding a +0 trident
              (7 damage)
             ... on level 4 of the Dungeon.
             The game lasted 00:19:17 (2258 turns).

vvl the Ruffian (Troll Earth Elementalist)          Turns: 2258, Time: 00:19:23

Health: 0/48       AC:  6    Str: 16    XL:     5   Next: 45%
Magic:  2/6        EV: 10    Int: 12    God:
Gold:   159        SH:  0    Dex: 10    Spells: 4/7 levels left

rFire    . . .     SeeInvis .     - Unarmed
rCold    . . .     Faith    .   (no shield)
rNeg     . . .     Spirit   .   c - +0 robe
rPois    .         Reflect  .   (helmet restricted)
rElec    .         Harm     .   (no cloak)
rCorr    .         Rampage  .   (gloves unavailable)
Will     .....                  (boots unavailable)
Stlth    +.........             (no amulet)
HPRegen  0.56/turn              (no ring)
MPRegen  0.10/turn              (no ring)

@: no status effects
A: large, unfitting armour, claws 3, regeneration 1, shaggy fur 1, tough skin 3
a: no special abilities


You were on level 4 of the Dungeon.
You visited 1 branch of the dungeon, and saw 4 of its levels.

You collected 159 gold pieces.

Inventory:

Hand Weapons
 j - a cursed -1 dagger
 w - a cursed +0 quarterstaff
Missiles
 p - 152 stones (quivered)
Armour
 c - a +0 robe (worn)
 n - a +0 robe of cold resistance
 o - a +0 kite shield
Jewellery
 b - a +4 ring of evasion {unknown}
 q - an uncursed ring of magical power
 u - an uncursed ring of resist corrosion {unknown}
Scrolls
 a - 2 scrolls of teleportation {unknown}
 e - a scroll of random uselessness {unknown}
 f - 4 scrolls of enchant weapon {unknown}
 h - a scroll of amnesia {unknown}
 i - a scroll of remove curse {unknown}
 k - a scroll of immolation {unknown}
 l - 2 scrolls of enchant armour {unknown}
 m - 4 scrolls of identify {unknown}
 r - a scroll of fear {unknown}
 t - a scroll of fog {unknown}
 v - a scroll of magic mapping {unknown}
Potions
 d - 2 potions of curing {unknown}
 g - a potion of attraction {unknown}
 s - a potion of brilliance {unknown}


   Skills:
 * Level 1.5 Fighting
 + Level 1.9 Dodging
 - Level 1.0 Stealth
 * Level 3.9 Unarmed Combat
 + Level 1.5 Spellcasting
 - Level 0.6 Transmutations
 + Level 3.2 Earth Magic


You had 4 spell levels left.
You knew the following spells:

 Your Spells              Type           Power        Failure   Level
a - Sandblast             Erth           16%          8%          1
b - Passwall              Tmut/Erth      4%           21%         2

Your spell library contained the following spells:

 Spells                   Type           Power        Failure   Level
 Stone Arrow              Conj/Erth      8%           41%         3
 Petrify                  Tmut/Erth      5%           78%         4
 Lee's Rapid Deconstruct  Erth           4%           91%         5


Dungeon Overview and Level Annotations

Branches:
Dungeon (4/15)
 Temple: D:4-7

Altars:

Shops:
D:4 }(}


Innate Abilities, Weirdness & Mutations

You are too large for most types of armour.
You have claws for hands.
Your natural rate of healing is unusually fast.
You are covered in fur. (AC +1)
You have extremely tough skin. (AC +3)


Message History

You claw the orc!
You kill the orc!
Your magical contamination has completely faded away.
You claw the orc!
You kill the orc!
You feel sick.
The giant cockroach bites you but does no damage.
You claw the giant cockroach!
You kill the giant cockroach!
The phantom misses you.
You scratch the phantom.
The phantom is lightly damaged.
You closely miss the phantom.
The phantom is lightly damaged.
You feel sick.
You are no longer poisoned.
The phantom hits you!
* * * LOW HITPOINT WARNING * * *
The orc hits you from afar with a +0 trident!
You die...

######## #.......
#.###### ########.#
.........####
####+###########.....#
.......@WoS..........#
###...#######.##..##.#
...... #........# .#
.##...#######o##.###..#
..........o............
.#
###...oo......###....
#...oW....### ..
#........∩# #.........#


You could see a phantom, an adder and an orc.

Vanquished Creatures
  An orc priest (D:3)
  A hound skeleton (D:3)
  5 adders (D:3)
  2 oozes
  2 worms
  2 dart slugs (D:3)
  A leopard gecko (D:2)
  13 orcs
  5 bats
  6 giant cockroaches
  7 hobgoblins
  8 kobolds
  A ball python (D:3)
  A frilled lizard (D:2)
  9 goblins
  7 rats
71 creatures vanquished.

Notes
Turn   | Place    | Note
-------+----------+-------------------------------------------
     0 | D:1      | vvl the Troll Earth Elementalist began the quest for the
                  | Orb.
     0 | D:1      | Reached XP level 1. HP: 16/16 MP: 1/1
     2 | D:1      | Noticed a dwarf
     4 | D:1      | Noticed an ogre
     5 | D:1      | Noticed a ghoul
     6 | D:1      | Noticed a spriggan
     8 | D:1      | Noticed an octopode
    12 | D:1      | Noticed an ogre
    14 | D:1      | Noticed a naga
    14 | D:1      | Noticed an elf
    16 | D:1      | Noticed a human
    16 | D:1      | Noticed a felid
    16 | D:1      | Noticed a spriggan
    18 | D:1      | Noticed a draconian
    18 | D:1      | Noticed an octopode
    20 | D:1      | Noticed a draconian
   158 | D:1      | Reached XP level 2. HP: 26/26 MP: 2/2
   321 | D:1      | Reached skill level 1 in Unarmed Combat
   586 | D:1      | Learned a level 2 spell: Passwall
   818 | D:2      | Reached XP level 3. HP: 31/32 MP: 4/4
  1055 | D:2      | Reached skill level 1 in Fighting
  1279 | D:3      | Reached XP level 4. HP: 31/41 MP: 5/5
  1605 | D:3      | Reached XP level 5. HP: 26/48 MP: 6/6
  2142 | D:4      | Found Uqisiwutt's Gadget Shoppe.
  2186 | D:4      | Found Wiamihio's Antique Weapon Shoppe.
  2209 | D:4      | Found Huarierph's Gadget Shoppe.
  2219 | D:4      | Noticed a phantom
  2258 | D:4      | Slain by an orc

Illustrated notes

Levels and vault maps discovered:
D:1:      shiori_arrival_whats_in_store_for_you, layout_loops_ring,
          patterned_corridor
D:2:      layout_rooms, serial_bayou_pond_c
D:3:      layout_rooms, lightli_corner_chamber
D:4:      layout_basic, general_overflow_altar, serial_shops, shop, shop, shop,
          shop

Skill      XL: |  1  2  3  4 |
---------------+-------------+-----
Earth Magic    | 3 |  3.2
Unarmed Combat | 1 2 3 |  3.9
Fighting       | 1 |  1.5
Dodging        | |  1.9
Stealth        | |  1.0
Spellcasting   | |  1.5
Transmutations | |  0.6

Action                   |  1- 3 |  4- 6 || total
-------------------------+-------+-------++-------
Melee: Unarmed           |   132 |    93 ||   225
       Punch             |       |     4 ||     4
Throw: Stone             |    19 |       ||    19
 Cast: Passwall          |     1 |     4 ||     5
       Sandblast         |     3 |     1 ||     4
 Stab: Sleeping          |     2 |     1 ||     3
Armor: Robe              |    51 |    42 ||    93
Dodge: Dodged            |    81 |    56 ||   137

Table legend: (Time is in decaauts)
 A = Elapsed time spent in this place.
 B = Non-inter-level travel time spent in this place.
 C = Inter-level travel time spent in this place.
 D = Time resting spent in this place.
 E = Time spent auto-exploring this place.
 F = Levels seen in this place.
 G = Mean time per level.
                   A        B        C        D        E       F      G
               +--------+--------+--------+--------+--------+-----+--------+
         Total |   2252 |   1978 |    274 |    200 |   1267 |   4 |  563.0 |
       Dungeon |   2252 |   1978 |    274 |    200 |   1267 |   4 |  563.0 |
               +--------+--------+--------+--------+--------+-----+--------+

Top non-repeatable levels by time:
     D:3: 869 daAuts
     D:1: 757 daAuts
     D:2: 487 daAuts
     D:4: 138 daAuts
